Description

You might be wondering: what type of all-in starts with economic cheese? The type that wants to have a sustained attack as soon as possible, that's what.

In this build, Snute cuts corners and goes for almost pure Drones for the first 4 minutes of the game. This allows him to get up to 6 Extractors and spread Drones across 3 mineral lines before he lines up his attack. From there, he streams Roaches and Ravagers across the map to bust down walls and forcefields to force his way into the Protoss base.

VOD

https://youtu.be/T6TAOjOoSBY?t=2m13s

Replay - Snute v State (Bridgehead LE): 3 base Ravager all-in

Build Order

Get SALT Encoding   

  12  0:01  Drone  
  13  0:13  Overlord  
  13  0:18  Drone  
  14  0:31  Drone x2  
  14  0:35  Drone  
  17  0:53  Hatchery  
  17  0:56  Drone  
  17  0:59  Drone  
  18  1:19  Hatchery  
  17  1:21  Drone  
  18  1:36  Spawning Pool  
  18  1:38  Drone  
  18  1:41  Drone  
  19  1:44  Drone  
  20  1:51  Drone  
  21  2:02  Drone  
  22  2:07  Drone  
  23  2:13  Overlord  
  24  2:18  Drone  
  24  2:24  Queen x2  
  28  2:33  Queen, Drone x3  
  28  2:38  Overlord  
  33  2:41  Drone  
  33  2:44  Drone  
  33  2:46  Drone  
  36  2:51  Drone  
  37  2:55  Drone  
  37  2:57  Drone  
  39  3:03  Zergling x2  
  39  3:06  Queen x2  
  42  3:13  Overlord  
  42  3:14  Drone x2  
  46  3:17  Drone  
  46  3:19  Drone  
  49  3:23  Drone  
  49  3:28  Overlord  
  49  3:30  Extractor x4, Drone  
  49  3:33  Drone x3  
  49  3:35  Drone x2  
  49  3:36  Extractor x2, Drone  
  51  3:41  Roach Warren  
  51  3:43  Drone  
  51  3:44  Drone  
  51  3:46  Drone  
  51  3:48  Drone  
  51  3:49  Drone  
  51  3:51  Drone  
  55  3:54  Drone x2  
  57  4:03  Overlord x2  
  57  4:08  Metabolic Boost  
  57  4:22  Roach x8  Stream Roaches and Ravagers to the enemy base
Spawning Tool Build Advisor. Get it on Overwolf

Analysis

So to be fair, Snute actually ends up losing this game, though I think it was a valiant effort. There are a few interesting risks with this build.

  • this attack hits without Lair tech, so reinforcements in slow Roaches are slow
  • you don't have a great way to deal with the Mothership Core unless you bring Queens, so use your Ravager shots smartly to try to trap it.

Go to:

Details

  • Created by: StoicLoofah
  • Published on: Nov 06, 2015
  • Modified on: Nov 06, 2015
  • Patch: Pre-3.8.0
Show
View Real Time Build Order
Export as new Build Order

Comments (3)

On Nov. 9, 2016, 1:57 p.m., Tilko  said:

Some of the timings/order of units are a bit off in the SALT code. Not a huge deal, just FYI.

On Dec. 7, 2015, 2:26 a.m., StoicLoofah  said:

Hmm, this is a pretty old replay, so I'm not surprised. Maybe it came from before the version switch? Sorry about that. Hopefully the VOD and build order are good enough, though!

On Dec. 4, 2015, 1:57 p.m., rezz3t  said:

replay dont work

Create an account to comment!